 Dungeon Crawl Stone Soup version 0.22-a0-422-g9628fc8 (webtiles) character file.

198654 hyperdstrtn the Nimble (level 18, -10/153 HPs)
             Began as an Octopode Necromancer on May 14, 2018.
             Was an Elder of Fedhas.
             Hit by a large rock thrown by a stone giant (46 damage)
             ... on level 2 of the Vaults on May 16, 2018.
             The game lasted 05:03:22 (39828 turns).

hyperdstrtn the Nimble (Octopode Necromancer)      Turns: 39828, Time: 05:03:23

Health: -10/153    AC: 29    Str: 18    XL:     18   Next: 45%
Magic:  4/25       EV: 23    Int: 21    God:    Fedhas [****..]
Gold:   493        SH:  8    Dex: 23    Spells: 2/27 levels left

rFire    . . .     SeeInvis +     - Unarmed
rCold    + + .     Gourm    .   i - +0 buckler {rC+}
rNeg     + . .     Faith    .   W - +2 hat {SInv}
rPois    ∞         Spirit   .   j - amulet of the acrobat
rElec    +         Reflect  .   u - ring of wizardry
rCorr    .         Harm     .   O - +5 ring of strength
MR       +....                  c - ring of protection from cold
Stlth    +++++.....             L - +2 ring of intelligence
HPRegen  0.35/turn              Y - +5 ring of dexterity
MPRegen  0.19/turn              t - +5 ring of strength
                                p - ring of poison resistance
                                (no ring)

@: statue-form, marked, very slow
A: almost no armour, stealthy swim, amphibious, 8 rings, constrict 8, camouflage
1, no potion heal 1
}: 1/15 runes: decaying
a: End Transformation, Fungal Bloom, Evolution, Sunlight, Growth, Reproduction,
Renounce Religion


You were on level 2 of the Vaults.
You worshipped Fedhas.
Fedhas was greatly pleased with you.
You were hungry.
You were a stone statue.
You visited 7 branches of the dungeon, and saw 33 of its levels.
You visited 1 bazaar.
You also visited: Bailey.

You collected 3315 gold pieces.
You spent 2822 gold pieces at shops.

Inventory:

Hand Weapons
 a - a +6 morningstar of draining
 q - a +9 hunting sling of flaming
 s - the +2 hand crossbow "Houborod" {freeze, rPois rC+ MR+ Int+6}
   (You found it on level 1 of the Vaults)

   It causes projectiles fired from it to freeze those they strike, causing
   extra injury to most foes and up to half again as much damage against
   particularly susceptible opponents.
   They can also slow down cold-blooded creatures.
   It affects your intelligence (+6).
   It protects you from cold.
   It protects you from poison.
   It affects your resistance to hostile enchantments.
Missiles
 e - 4 throwing nets {!f}
 m - 578 stones (quivered)
Armour
 i - a +0 buckler of cold resistance (worn)
 W - a +2 hat of see invisible (worn)
Jewellery
 c - a ring of protection from cold (on tentacle)
 j - an amulet of the acrobat (around mantle)
 p - a ring of poison resistance (on tentacle)
 t - a +5 ring of strength (on tentacle)
 u - a ring of wizardry (left tentacle)
 L - a +2 ring of intelligence (on tentacle)
 O - a +5 ring of strength (right tentacle)
 Y - a +5 ring of dexterity (on tentacle)
Wands
 D - a wand of disintegration (13)
 E - a wand of enslavement (25)
 F - a wand of clouds (4)
 I - a wand of iceblast (10)
 M - a wand of polymorph (22)
 P - a wand of paralysis (23)
 V - a wand of digging (2)
Scrolls
 d - 2 scrolls of holy word
 g - a scroll of random uselessness {unknown}
 l - 2 scrolls of magic mapping
 n - 2 scrolls of brand weapon {unknown}
 o - 14 scrolls of teleportation {!d}
 r - a scroll of acquirement {unknown}
 x - 3 scrolls of fear
 y - 3 scrolls of blinking
 C - a scroll of remove curse {@r2!d}
 H - 3 scrolls of fog
 N - 2 scrolls of silence {unknown}
 X - a scroll of summoning {!r}
 Z - 2 scrolls of vulnerability {unknown}
Potions
 f - 3 potions of magic {!q}
 h - 4 potions of heal wounds
 w - 2 potions of agility
 A - 5 potions of mutation {!q}
 B - 3 potions of brilliance
 G - 6 potions of lignification {!q}
 J - 8 potions of curing {@q1}
 K - a potion of cancellation {!q}
 Q - 3 potions of ambrosia {!q}
 R - 9 potions of flight
 S - 8 potions of might
 T - 4 potions of invisibility {!q}
 U - a potion of haste {!q}
Miscellaneous
 k - a phantom mirror
 v - a box of beasts
Comestibles
 b - 12 rations {!d}
 z - 10 chunks of flesh


   Skills:
 - Level 9.0 Fighting
   Level 2.0 Short Blades
 - Level 8.0 Maces & Flails
 - Level 10.0 Slings
 - Level 12.0 Dodging
 - Level 8.0 Stealth
 - Level 10.0 Shields
 + Level 10.1 Unarmed Combat
 - Level 5.0 Spellcasting
 - Level 2.0 Charms
 - Level 6.1 Summonings
 - Level 5.0 Necromancy
 - Level 4.0 Translocations
 + Level 10.7 Transmutations
 - Level 6.0 Ice Magic
 + Level 10.7 Earth Magic
 - Level 10.1 Invocations
 - Level 10.0 Evocations


You had 2 spell levels left.
You knew the following spells:

 Your Spells              Type           Power        Failure   Level  Hunger
a - Borgnjor's Vile Clut  Necr/Erth      #####.....   4%          5    #####..
g - Shroud of Golubria    Chrm/Tloc      ###.......   1%          2    None
i - Summon Ice Beast      Ice/Summ       ####....     3%          4    ####...
l - Blink                 Tloc           N/A          1%          2    None
o - Ozocubu's Armour      Chrm/Ice       ###.....     2%          3    ##.....
r - Regeneration          Chrm/Necr      ###.......   3%          3    ##.....
S - Statue Form           Tmut/Erth      ######...    9%          6    #######

Your spell library contained the following spells:

 Spells                   Type           Power        Failure   Level  Hunger
 Magic Dart               Conj           #...         4%          1    None
 Conjure Flame            Conj/Fire      #.......     13%         3    ##.....
 Lightning Bolt           Conj/Air       #.........   71%         5    #####..
 Bolt of Magma            Conj/Fire/Erth ###.......   26%         5    #####..
 Slow                     Hex            #.......     6%          2    None
 Confuse                  Hex            #.......     13%         3    ##.....
 Throw Frost              Conj/Ice       ###...       1%          2    None
 Mephitic Cloud           Conj/Pois/Air  #.......     13%         3    ##.....
 Teleport Other           Tloc           ###.....     2%          3    ##.....
 Animate Dead             Necr           N/A          6%          4    ####...
 Pain                     Necr           ####         1%          1    None
 Animate Skeleton         Necr           N/A          1%          1    None
 Vampiric Draining        Necr           ####......   1%          3    ##.....
 Freeze                   Ice            ####         1%          1    None
 Call Imp                 Summ           ####....     1%          2    None
 Tukima's Dance           Hex            #.......     13%         3    ##.....
 Iron Shot                Conj/Erth      ####......   56%         6    #######
 Shock                    Conj/Air       #...         4%          1    None
 Swiftness                Chrm/Air       #.......     4%          2    None
 Throw Icicle             Conj/Ice       ###.....     12%         4    ####...
 Airstrike                Air            #.........   38%         4    ####...
 Shadow Creatures         Summ           N/A          45%         6    #######
 Ensorcelled Hibernation  Hex/Ice        ###...       1%          2    None
 Silence                  Hex/Air        #.........   71%         5    #####..
 Shatter                  Erth           ######....   100%        9    #######
 Static Discharge         Conj/Air       #.......     13%         3    ##.....
 Corona                   Hex            #......      4%          1    None
 Passage of Golubria      Tloc           N/A          9%          4    ####...
 Leda's Liquefaction      Hex/Erth       ####......   4%          4    ####...
 Darkness                 Hex            #.........   99%         6    #######
 Dazzling Spray           Conj/Hex       #.....       13%         3    ##.....
 Infusion                 Chrm           ##..         1%          1    None
 Song of Slaying          Chrm           ##......     2%          2    None
 Spectral Weapon          Hex/Chrm       #.......     9%          3    ##.....
 Gell's Gravitas          Tloc           ###.......   2%          3    ##.....
 Lesser Beckoning         Tloc           ###.......   2%          3    ##.....


Dungeon Overview and Level Annotations

Branches:
Dungeon (15/15)            Temple (1/1) D:4            Lair (6/6) D:10
  Swamp (4/4) Lair:2        Snake (3/4) Lair:4        Slime (0/5) Lair:5
    Orc (2/2) D:9             Elf (0/3) Orc:2        Vaults (2/5) D:14
 Depths (0/5) D:15
  Crypt: Vaults:2-3

Altars:
Ashenzari
Cheibriados
Dithmenos
Elyvilon
Fedhas
Gozag
Hepliaklqana
Kikubaaqudgha
Makhleb
Nemelex Xobeh
Okawaru
Qazlal
Ru
Sif Muna
Trog
Uskayaw
Vehumet
Wu Jian
Xom
Yredelemnul
Zin
The Shining One
Beogh

Shops:
D:4 (   D:5 [   D:15 (   Orc:2 :(*[   Snake:2 %%:

Annotations:
D:4 exclusions: downstairs and ogre
D:5 exclusion: skeleton
D:6 exclusion: downstairs
Swamp:3 Louise
Snake:3 PegasusDuck's ghost, journeyman GnWn
Orc:2 Donald
Vaults:1 exclusion: 3 doors, Asterion
Vaults:2 exclusion: lich, Frederick


Innate Abilities, Weirdness & Mutations

You cannot wear most types of armour.
You are very stealthy in the water. (Stealth+)
You are amphibious.
You can wear up to eight rings at the same time.
You can use your tentacles to constrict eight enemies at once.
Your skin changes colour to match your surroundings (Stealth+).
((Your rubbery body absorbs attacks. (AC +1, EV +1)))
Potions are less effective at restoring your health.


Message History

The ogre mage is heavily wounded.
The ironbrand convoker casts a spell at the yaktaur.
The yaktaur seems to grow stronger.
The ogre mage completely misses you.
Unknown command.
You closely miss the ironbrand convoker.
You grab the ironbrand convoker.
You squeeze the ironbrand convoker, but do no damage.
The ironbrand convoker is heavily wounded.
You constrict the ironbrand convoker, but do no damage.
A deep elf mage comes into view.
It is wielding an enchanted short sword.
The ironbrand convoker completely misses you.
The ogre mage closely misses you.
The deep elf mage mumbles some strange words.
The deep elf mage blinks!
You batter the ironbrand convoker!!
You kill the ironbrand convoker!
The ogre mage completely misses you.
The yaktaur wields an arbalest.
The yaktaur shoots a bolt.
The bolt closely misses you.
The yaktaur captain shoots a bolt.
You block the bolt.
Unknown command.
You tentacle-slap the ogre mage.
The ogre mage is heavily wounded.
The ogre mage hits you but does no damage.
A yaktaur comes into view.
The deep elf mage hits you but does no damage.
You block the ogre mage's attack.
Unknown command.
As you read the scroll of teleportation {!d}, it crumbles to dust.
You feel strangely unstable.
A nearby toadstool withers and dies.
The deep elf mage completely misses you.
The slime creature completely misses you.
The ogre mage casts a spell at you. The crystal spear hits you!
* * * LOW HITPOINT WARNING * * *
The deep elf mage completely misses you.
Huge Dmg: -29%(-45hp) hp: 40%(60hp) Unknown command.
Your system partially rejects the healing.
You feel much better. The slime creature barely misses you.
The ogre mage gestures at you while chanting.
The bolt of fire misses you.
The deep elf mage hits you but does no damage.
An ironbrand convoker simulacrum comes into view.
The ogre mage hits you but does no damage.
The slime creature closely misses you.
Unknown command.
A nearby toadstool withers and dies.
The deep elf mage closely misses you.
An orc comes into view. It is wielding a flail.
The necromancer casts a spell.
The necromancer flickers and vanishes for a moment.
The deep elf mage casts a spell at you. The bolt of lightning misses you.
Unknown command.
Your surroundings suddenly seem different.
An ogre, 2 two-headed ogres and an ironheart preserver come into view.
The ironheart preserver is wielding a morningstar of holy wrath.
Unknown command.
The helpless two-headed ogre fails to defend itself.
You thrash the two-headed ogre!!! You tentacle-slap the two-headed ogre!
The two-headed ogre is almost dead.
The two-headed ogre completely misses you.
The two-headed ogre hits you but does no damage.
You thrash the two-headed ogre!!!
You kill the two-headed ogre!
An orc knight simulacrum comes into view.
The helpless ironheart preserver fails to defend itself.
You thrash the ironheart preserver!!!
Your grab misses the ironheart preserver.
You squeeze the ironheart preserver!
The ironheart preserver is heavily wounded.
The ironheart preserver hits you with a morningstar of holy wrath.
* * * LOW HITPOINT WARNING * * *
Damage: -3%(-4hp) hp: 50%(76hp)
You thrash the ironheart preserver!!! You grab the ironheart preserver.
The ironheart preserver is almost dead.
You constrict the ironheart preserver.
The two-headed ogre shouts in stereo!
The ogre shouts!
A deep elf mage skeleton comes into view.
You block the ironheart preserver's attack.
A stone giant comes into view.
You batter the ironheart preserver!!
You kill the ironheart preserver!
The two-headed ogre completely misses you.
You block the two-headed ogre's attack.
Unknown command.
You tentacle-slap the two-headed ogre. You squeeze the two-headed ogre.
The two-headed ogre is lightly wounded.
You block the two-headed ogre's attack. x2; The ogre barely misses you.
Unknown command.
You tentacle-slap the two-headed ogre.
The two-headed ogre is lightly wounded.
The stone giant throws a large rock.
The large rock hits you!!!
* * * LOW HITPOINT WARNING * * *
The two-headed ogre barely misses you.
The two-headed ogre hits you with a dire flail.
* * * LOW HITPOINT WARNING * * *
The stone giant throws a large rock.
The large rock hits you!!!
You die...
Fedhas appreciates your contribution to the ecosystem.

#..
#..###########.
#..............
#..............
#........Z.....
#..............
#......Z.......
#...O8.........
#...)O.........
#.....)...C....
#..............
#..............
#......#####+##
#......#
#......#
#......


You could see a stone giant, a two-headed ogre, an ogre, an orc knight
simulacrum and a deep elf mage skeleton.

Vanquished Creatures
  the Lernaean hydra (Swamp:4)
  Rupert (D:13)
  A nagaraja (Snake:1)
  3 vault wardens
  An orc warlord (Orc:1)
  2 ironheart preservers (Vaults:2)
  A deep elf demonologist (Vaults:2)
  A very ugly thing (Swamp:1)
  Azrael (D:12)
  Snorg (D:13)
  An ettin (shapeshifter) (D:15)
  Josephine (Snake:1)
  A fire dragon (D:14)
  3 yaktaur captains
  4 naga warriors
  A catoblepas (Lair:6)
  2 vault guards (D:14)
  19 hydras
  A death knight (D:13)
  An ogre mage (Vaults:2)
  5 centaur warriors
  7 alligators
  11 anacondas
  10 death yaks
  4 naga sharpshooters
  A tengu warrior (D:10)
  8 two-headed ogres
  3 orc high priests (Orc:2)
  3 deep elf knights (Vaults:2)
  2 spriggan druids
  4 naga ritualists
  3 unseen horrors
  7 swamp dragons
  A glowing orange brain (Vaults:2)
  2 deep elf archers (Vaults:2)
  3 ironbrand convokers (Vaults:2)
  2 wolf spiders (Vaults:1)
  9 orc knights
  5 mana vipers
  A deep elf mage (D:14)
  3 orc sorcerers (Orc:2)
  11 ugly things
  2 cyclopes
  3 manticores
  5 elephants
  22 black mambas
  4 salamanders
  2 vault sentinels
  Joseph (D:10)
  A guardian serpent (Snake:1)
  3 naga magi
  9 spiny frogs
  A gargoyle (D:12)
  2 torpor snails (Lair:6)
  8 centaur skeletons
  17 yaktaurs
  2 rime drakes
  3 komodo dragons (Lair:4)
  A yaktaur (shapeshifter) (Vaults:2)
  7 trolls
  A tyrant leech (Swamp:1)
  3 meliai (D:14)
  2 blink frogs (Lair:1)
  6 dream sheep (Lair:6)
  14 bog bodies
  A hippogriff (shapeshifter) (D:15)
  11 hornets
  27 slime creatures
  A meliai zombie (D:14)
  9 hippogriffs
  A centaur simulacrum (D:15)
  A stone giant simulacrum (Vaults:2)
  2 shadows
  6 spriggans
  24 yaks
  2 wraiths (Snake:1)
  3 basilisks
  A hog (D:12)
  3 fire elementals
  A human (D:12)
  8 vampire mosquitoes
  6 wandering mushrooms
  8 nagas
  6 swamp worms
  10 insubstantial wisps
  3 wargs
  4 acid dragons
  4 hell hounds
  7 water moccasins
  10 swamp drakes
  3 black bears
  9 porcupines
  4 ice beasts
  36 orc warriors
  2 phantoms
  An eye of draining (D:11)
  10 ogres
  2 sky beasts
  13 centaurs
  3 boggarts (D:15)
  2 wolves (Lair:1)
  11 crocodiles
  4 big kobolds
  19 bullfrogs
  A wyvern zombie (D:13)
  2 wyvern skeletons
  3 scorpions
  A killer bee (D:11)
  3 wights (D:9)
  3 electric eels
  4 howler monkeys
  3 crimson imps
  2 quasits (D:12)
  4 jellies
  A gnoll shaman (D:6)
  11 orc priests
  4 hounds
  4 hell rats
  2 iguanas
  5 worker ants
  25 orc wizards
  A hound skeleton (D:9)
  Robin (D:3)
  11 gnolls
  2 howler monkey skeletons
  8 river rats (Lair:3)
  15 adders
  3 shadow imps
  2 adder skeletons (D:4)
  4 worms
  A dart slug (D:1)
  5 leopard geckos
  95 orcs
  4 giant cockroaches
  20 goblins
  8 hobgoblins
  6 jackals
  2 quokkas (D:6)
  2 ball pythons
  5 bats
  2 frilled lizards
  20 kobolds
  8 rats
  A fungus (Lair:6)
  3 toadstools
856 creatures vanquished.

Vanquished Creatures (collateral kills)
  Donald (Orc:2)
  2 orc warlords (Orc:2)
  An ironheart preserver (Vaults:2)
  A dire elephant (Lair:6)
  A wandering mushroom (Orc:2)
  2 vault guards (D:14)
  4 hydras
  A naga warrior (Snake:1)
  2 catoblepae (Lair:6)
  5 alligators
  A centaur warrior (D:14)
  An ogre mage (Vaults:1)
  4 two-headed ogres
  2 orc high priests (Orc:2)
  9 death yaks
  An unseen horror (D:15)
  A spriggan druid (Swamp:4)
  2 swamp dragons
  A wizard (Vaults:1)
  An ironbrand convoker (Vaults:1)
  A naga ritualist (Snake:1)
  An orc knight (Bailey)
  6 ugly things
  3 cyclopes
  A cyclops (shapeshifter) (D:13)
  A deep elf mage (D:15)
  2 orc sorcerers
  A manticore (Lair:6)
  3 black mambas
  5 elephants (Lair:3)
  A naga mage (Snake:3)
  3 torpor snails (Lair:6)
  A centaur skeleton (D:13)
  10 spiny frogs
  5 komodo dragons
  A meliai (D:14)
  Prince Ribbit (D:9)
  2 tyrant leeches
  3 blink frogs (Lair:1)
  A hornet (Swamp:2)
  9 slime creatures
  A bog body (Swamp:4)
  5 hippogriffs
  A yak (shapeshifter) (D:15)
  4 wraiths
  A spriggan (Swamp:1)
  A wyvern (D:9)
  2 hogs (D:12)
  A fire elemental (D:11)
  A golden eye (shapeshifter) (D:15)
  18 yaks
  7 swamp worms
  10 vampire mosquitoes
  4 insubstantial wisps (Swamp:2)
  2 wargs
  2 nagas (Snake:1)
  4 water moccasins
  4 swamp drakes
  2 porcupines
  An ice beast (D:9)
  13 orc warriors
  2 sky beasts
  An eye of draining (shapeshifter) (D:15)
  4 ogres
  A black bear (D:10)
  4 centaurs
  2 crocodiles
  3 wolves (Lair:1)
  2 bullfrogs
  A killer bee (D:11)
  A water moccasin skeleton (D:10)
  2 howler monkeys
  3 orc priests
  A hound (D:12)
  10 orc wizards
  4 hell rats
  3 gnolls
  A river rat (Lair:3)
  A shadow imp (D:14)
  24 orcs
  A giant cockroach (D:2)
  6 jackals
  A kobold (D:8)
266 creatures vanquished.

Vanquished Creatures (others)
  4 thorn hunters
  5 oklob plants
  An alligator (Swamp:1)
  3 spriggans (Swamp:1)
  2 swamp dragons (Swamp:4)
  2 spriggan druids (Swamp:2)
  A shambling mangrove (Swamp:1)
  An ugly thing (D:15)
  An elephant (Lair:5)
  A spiny frog (Swamp:3)
  3 hornets (Swamp:1)
  2 bog bodies (Swamp:4)
  2 shadows
  2 swamp worms (Swamp:4)
  2 insubstantial wisps (Swamp:1)
  5 swamp drakes
  4 necrophages
  A centaur (D:14)
  An orc priest (Orc:2)
  An orc (Vaults:1)
  76 wandering mushrooms
  A ballistomycete spore (Orc:2)
  2 briar patches (Swamp:4)
  2 bushes
  69 fungi
  34 plants
  932 toadstools
1160 creatures vanquished.

Grand Total: 2282 creatures vanquished

Notes
Turn   | Place    | Note
-------+----------+-------------------------------------------
     0 | D:1      | hyperdstrtn the Octopode Necromancer began the quest for the Orb.
     0 | D:1      | Reached XP level 1. HP: 11/11 MP: 3/3
   434 | D:1      | Reached XP level 2. HP: 13/17 MP: 3/5
   450 | D:1      | Learned a level 1 spell: Animate Skeleton
   576 | D:1      | HP: 4/17 [jackal (3)]
  1351 | D:2      | Reached XP level 3. HP: 21/21 MP: 4/6
  1599 | D:2      | HP: 5/21 [adder (4)]
  1600 | D:2      | HP: 1/21 [adder (4)]
  1808 | D:2      | Learned a level 3 spell: Vampiric Draining
  2087 | D:2      | Reached skill level 5 in Stealth
  2120 | D:2      | Reached skill level 1 in Fighting
  2174 | D:2      | Reached XP level 4. HP: 25/28 MP: 3/7
  2635 | D:3      | Reached skill level 1 in Short Blades
  2939 | D:3      | Found a faded altar of an unknown god.
  3118 | D:3      | Reached XP level 5. HP: 26/34 MP: 6/8
  3496 | D:3      | Noticed Robin
  3568 | D:3      | Learned a level 3 spell: Regeneration
  3776 | D:3      | Killed Robin
  4224 | D:4      | Found a staircase to the Ecumenical Temple.
  4235 | Temple   | Entered the Ecumenical Temple
  4282 | Temple   | Became a worshipper of Fedhas Madash
  4376 | D:4      | Noticed an ogre
  4439 | D:4      | Reached skill level 1 in Charms
  4474 | D:4      | Reached XP level 6. HP: 32/39 MP: 1/9
  4804 | D:4      | Found Jasashri's Antique Weapon Boutique.
  4837 | D:4      | Bought a trident for 66 gold pieces
  4861 | D:5      | Entered Level 5 of the Dungeon
  4861 | D:5      | Noticed an ice beast
  4861 | D:5      | Noticed a sky beast
  4942 | D:5      | Noticed an ice beast
  4977 | D:5      | Found Koweiw's Antique Armour Shop.
  5367 | D:6      | HP: 11/41 [ogre/giant club (24)]
  5489 | D:6      | Found an opulent altar of Gozag.
  5554 | D:5      | Noticed a necrophage
  5555 | D:5      | Killed a necrophage
  5571 | D:5      | Found an ancient bone altar of Kikubaaqudgha.
  5576 | D:5      | Found a snail-covered altar of Cheibriados.
  5578 | D:5      | Found a stormy altar of Qazlal.
  5580 | D:5      | Found an ornate altar of the Wu Jian Council.
  5581 | D:5      | Found a basalt altar of Yredelemnul.
  5645 | D:5      | Reached skill level 5 in Necromancy
  5747 | D:5      | HP: 10/41 [orc wizard/puff of flame (10)]
  5749 | D:5      | Reached XP level 7. HP: 10/46 MP: 5/10
  6251 | D:6      | Reached skill level 1 in Slings
  6482 | D:5      | Bought a glowing buckler for 172 gold pieces
  6748 | D:7      | Noticed a hippogriff
  6874 | D:6      | HP: 6/46 [orc warrior/battleaxe (25)]
  6990 | D:6      | Reached skill level 1 in Shields
  7314 | D:5      | Reached * piety under Fedhas
  7407 | D:5      | Reached skill level 1 in Maces & Flails
  7507 | D:6      | Reached XP level 8. HP: 31/52 MP: 6/11
  7637 | D:6      | Reached skill level 1 in Invocations
  7717 | D:7      | HP: 19/52 [centaur warrior skeleton (3)]
  7855 | D:7      | Killed a hippogriff
  8039 | D:8      | Found a shimmering altar of Xom.
  8112 | D:8      | Found a sparkling altar of Nemelex Xobeh.
  8470 | D:8      | Reached XP level 9. HP: 56/56 MP: 12/12
  8553 | D:8      | Reached skill level 5 in Maces & Flails
  8735 | D:9      | Found a staircase to the Orcish Mines.
  8792 | D:9      | Found a white marble altar of Elyvilon.
  8810 | D:9      | Noticed a gargoyle
  8992 | D:9      | Reached skill level 1 in Evocations
  9375 | D:9      | Noticed Prince Ribbit
  9382 | D:9      | Killed Prince Ribbit
  9443 | D:9      | Learned a level 2 spell: Shroud of Golubria
  9601 | D:9      | Upgraded the game from 0.22-a0-417-g1387785 to 0.22-a0-419-g492bfec
  9604 | D:10     | Entered Level 10 of the Dungeon
  9655 | D:10     | Reached skill level 1 in Translocations
  9655 | D:10     | Reached skill level 5 in Invocations
  9660 | D:10     | Noticed Joseph
  9685 | D:10     | Killed Joseph
  9685 | D:10     | Reached XP level 10. HP: 47/65 MP: 11/13
  9795 | D:10     | Noticed a tengu warrior
  9808 | D:10     | Killed a tengu warrior
  9808 | D:10     | Reached skill level 5 in Fighting
  9959 | D:10     | Reached skill level 5 in Evocations
  9960 | D:10     | Reached skill level 5 in Slings
 10013 | D:10     | Found a staircase to the Lair.
 10482 | D:11     | Noticed a seven-headed hydra
 10616 | D:11     | Reached XP level 11. HP: 72/72 MP: 16/16
 10861 | D:11     | Reached skill level 5 in Shields
 10956 | D:11     | Reached ** piety under Fedhas
 11486 | D:12     | Noticed a cyan ugly thing
 11498 | D:12     | Killed a cyan ugly thing
 11558 | D:12     | HP: 22/72 [something (10)]
 11559 | D:12     | Killed an unseen horror
 11656 | Lair:1   | Entered Level 1 of the Lair of Beasts
 11883 | Lair:1   | Got a fine falchion {!w}
 12049 | Lair:1   | Noticed an eight-headed hydra
 12057 | Lair:1   | Killed an eight-headed hydra
 12726 | Lair:2   | Reached XP level 12. HP: 77/77 MP: 18/18
 13318 | Lair:3   | Reached skill level 10 in Slings
 13323 | Lair:3   | Reached skill level 3 in Dodging
 13360 | Lair:3   | Reached *** piety under Fedhas
 13830 | Lair:4   | Learned a level 4 spell: Summon Ice Beast
 13907 | Lair:4   | Reached skill level 4 in Dodging
 14064 | Lair:4   | Noticed a death yak
 14073 | Lair:4   | Noticed a death yak
 14074 | Lair:4   | Noticed a death yak
 14077 | Lair:4   | Noticed a death yak
 14078 | Lair:4   | Noticed a death yak
 14165 | Lair:4   | Found a staircase to the Snake Pit.
 14223 | Lair:4   | Reached skill level 10 in Invocations
 14773 | Lair:4   | Killed a death yak
 14773 | Lair:4   | Reached skill level 1 in Summonings
 14773 | Lair:4   | Reached skill level 1 in Ice Magic
 14894 | Lair:4   | Killed a death yak
 14912 | Lair:4   | Killed a death yak
 14915 | Lair:4   | Killed a death yak
 15200 | Lair:5   | You fall through a shaft!
 15200 | Lair:6   | Entered Level 6 of the Lair of Beasts
 15290 | Lair:5   | Noticed a five-headed hydra
 15296 | Lair:5   | Reached skill level 5 in Dodging
 15313 | Lair:5   | Killed a five-headed hydra
 15405 | Lair:5   | Noticed a death yak
 15412 | Lair:5   | Reached XP level 13. HP: 81/81 MP: 20/20
 15767 | Lair:5   | Found a staircase to the Slime Pits.
 16277 | Lair:6   | HP: 24/81 [elephant (17)]
 16584 | Lair:6   | Reached skill level 5 in Summonings
 16618 | Lair:6   | Noticed a dire elephant
 16676 | Lair:5   | Reached skill level 5 in Ice Magic
 16689 | Lair:5   | HP: 32/81 [poisoned by a black mamba]
 16694 | Lair:5   | HP: 31/81 [poisoned by a black mamba]
 16701 | Lair:5   | HP: 31/81 [poisoned by a black mamba]
 16709 | Lair:5   | HP: 31/81 [poisoned by a black mamba]
 16870 | Lair:6   | Reached skill level 6 in Dodging
 17475 | Lair:6   | Killed a dire elephant
 17862 | Lair:6   | Found a snail-covered altar of Cheibriados.
 19063 | Lair:6   | Reached skill level 7 in Dodging
 19063 | Lair:6   | Reached XP level 14. HP: 88/88 MP: 21/21
 20199 | D:12     | Noticed Azrael
 20423 | D:11     | Learned a level 3 spell: Ozocubu's Armour
 20563 | D:12     | Killed Azrael
 20563 | D:12     | Reached skill level 8 in Dodging
 21338 | D:13     | Noticed Rupert
 21572 | D:13     | Found a sparkling altar of Nemelex Xobeh.
 21621 | D:13     | Noticed Snorg
 21636 | D:13     | Killed Snorg
 21800 | D:13     | Killed Rupert
 21800 | D:13     | Reached skill level 10 in Shields
 21841 | D:13     | Reached skill level 9 in Dodging
 22015 | D:13     | Upgraded the game from 0.22-a0-419-g492bfec to 0.22-a0-422-g9628fc8
 22718 | Orc:1    | Entered Level 1 of the Orcish Mines
 22948 | Orc:1    | Found a flagged portal.
 22967 | Bailey   | Entered a bailey
 23153 | Bailey   | Reached XP level 15. HP: 97/97 MP: 5/22
 23163 | Bailey   | Reached **** piety under Fedhas
 23488 | Orc:1    | Reached skill level 10 in Dodging
 23533 | Orc:1    | Noticed an orc warlord
 23566 | Orc:1    | Killed an orc warlord
 23851 | Orc:2    | Entered Level 2 of the Orcish Mines
 23864 | Orc:2    | HP: 33/99 [orc knight/long sword (17)]
 23893 | Orc:1    | HP: 39/99 [orc knight/long sword (4)]
 24288 | Orc:2    | Noticed Donald
 24297 | Orc:2    | Was placed under penance by Fedhas
 24312 | Orc:2    | Killed Donald
 24347 | Orc:2    | Noticed an orc warlord
 24745 | Orc:2    | Killed an orc warlord
 24811 | Orc:2    | Was forgiven by Fedhas
 24951 | Orc:2    | Found a roughly hewn altar of Beogh.
 25031 | Orc:2    | Found a staircase to the Elven Halls.
 25162 | Orc:2    | Paralysed by an orc sorcerer for 2 turns
 25249 | Orc:2    | Paralysed by an orc sorcerer for 4 turns
 25286 | Orc:2    | Noticed an orc warlord
 25318 | Orc:2    | Killed an orc warlord
 25520 | Orc:2    | Reached skill level 11 in Dodging
 25971 | Orc:2    | Found Poqo's Antique Armour Emporium.
 25972 | Orc:2    | Found Jeijie's Antique Weapon Emporium.
 25974 | Orc:2    | Found Iliuphev's General Store.
 25974 | Orc:2    | Found Gimom's Book Shoppe.
 25991 | Orc:2    | Bought a potion of ambrosia for 112 gold pieces
 25991 | Orc:2    | Bought 2 scrolls of identify for 56 gold pieces
 25991 | Orc:2    | Bought a ration for 70 gold pieces
 25991 | Orc:2    | Bought a scroll of teleportation for 42 gold pieces
 25992 | Orc:2    | Bought a book of the Earth for 910 gold pieces
 25992 | Orc:2    | Bought a book of Minor Magic for 280 gold pieces
 25995 | Orc:2    | Learned a level 2 spell: Blink
 26855 | D:14     | Found a gate to the Vaults.
 26997 | D:15     | Entered Level 15 of the Dungeon
 27482 | D:15     | Found Qer Own's Weapon Boutique.
 27519 | D:15     | Reached skill level 5 in Spellcasting
 28162 | D:15     | Reached skill level 10 in Evocations
 28193 | D:15     | Reached skill level 12 in Dodging
 28522 | D:15     | Reached XP level 16. HP: 89/108 MP: 20/23
 28545 | D:15     | Learned a level 6 spell: Statue Form
 28923 | Lair:2   | Found a staircase to the Swamp.
 28991 | Swamp:1  | Entered Level 1 of the Swamp
 29003 | Swamp:1  | Reached skill level 1 in Transmutations
 29003 | Swamp:1  | Reached skill level 1 in Earth Magic
 29130 | Swamp:1  | Noticed a thorn hunter
 30060 | Swamp:2  | Killed a thorn hunter
 30684 | Swamp:2  | Reached skill level 5 in Transmutations
 30684 | Swamp:2  | Reached skill level 5 in Earth Magic
 31615 | Swamp:3  | Noticed Louise
 31989 | Orc:2    | Bought a book of Dreams for 1050 gold pieces
 31990 | Orc:2    | Bought a scroll of remove curse for 42 gold pieces
 32007 | Orc:2    | Learned a level 5 spell: Borgnjor's Vile Clutch
 32679 | Snake:1  | Entered Level 1 of the Snake Pit
 32778 | Snake:1  | Noticed Josephine
 32796 | Snake:1  | Killed Josephine
 32892 | Snake:1  | Found a flickering gateway to a bazaar.
 32939 | Bazaar   | Entered a bazaar
 32939 | Bazaar   | Found Raesuowk's Gadget Shoppe.
 32939 | Bazaar   | Found Woptew's Magic Scroll Emporium.
 32940 | Bazaar   | Found Lyatt's Antique Weapon Shoppe.
 32940 | Bazaar   | Found Boithoi's Armour Emporium.
 32977 | Bazaar   | Bought a scroll of identify for 22 gold pieces
 33336 | Snake:1  | Noticed a nagaraja
 33348 | Snake:1  | Killed a nagaraja
 34005 | Snake:2  | Reached XP level 17. HP: 104/112 MP: 24/24
 34328 | Snake:2  | Gained mutation: Potions are less effective at restoring your health. [miscasting Statue Form]
 34400 | Snake:2  | Found the +7 longbow "Piercer" {penet, EV-2}
 34444 | Snake:2  | Found Lalygh's Food Shop.
 34448 | Snake:2  | Found Nuacaut's Food Boutique.
 34449 | Snake:2  | Found Keedium's Book Shop.
 35450 | Snake:3  | Noticed PegasusDuck's ghost (journeyman GnWn)
 35889 | Swamp:4  | Entered Level 4 of the Swamp
 36209 | Swamp:4  | Reached skill level 10 in Earth Magic
 36241 | Swamp:4  | Reached skill level 1 in Unarmed Combat
 36241 | Swamp:4  | Reached skill level 10 in Transmutations
 36295 | Swamp:4  | HP: 42/112 [alligator (13)]
 36696 | Swamp:4  | Noticed the 27-headed Lernaean hydra
 36708 | Swamp:4  | Killed the 27-headed Lernaean hydra
 36715 | Swamp:4  | Reached skill level 5 in Unarmed Combat
 36923 | Swamp:4  | Got a decaying rune of Zot
 37663 | D:15     | Found a staircase to the Depths.
 37746 | Vaults:1 | Entered Level 1 of the Vaults
 38466 | Vaults:1 | Reached XP level 18. HP: 118/118 MP: 9/25
 38655 | Vaults:1 | Noticed Asterion
 38802 | Vaults:1 | Got an encrusted hand crossbow
 38803 | Vaults:1 | Identified the +2 hand crossbow "Houborod" {freeze, rPois rC+ MR+ Int+6} (You found it on level 1 of the Vaults)
 39534 | Vaults:2 | Noticed a lich
 39602 | Vaults:2 | Noticed Frederick
 39800 | Vaults:2 | Reached skill level 10 in Unarmed Combat
 39816 | Vaults:2 | HP: 60/153 [ogre mage/crystal spear[an ironheart preserver] (46)]
 39828 | Vaults:2 | HP: 41/153 [stone giant/large rock (37)]
 39828 | Vaults:2 | Hit by a large rock thrown by a stone giant

Vault maps used:
D:1:      elethiomel_arrival_shortcut
D:2:      first_ration
D:3:      chequers_ecumenical_altar_island, uniq_robin
D:4:      minmay_temple_entry_grid, serial_forest, infiniplex_forest_clump_tiny,
          infiniplex_forest_clump_long, infiniplex_forest_clump_small,
          infiniplex_forest_lined_room_, infiniplex_forest_end_1,
          infiniplex_forest_clump_diagonal, infiniplex_forest_straight_4,
          serial_shops, shop, st_stairs_10
D:5:      minitemple, chequers_ossuary_entry_cave, serial_shops,
          kennysheep_little_box, nicolae_underground_beach
D:6:      nicolae_gozag_seed_capital
D:8:      nemelex_xobeh_ov_fountains_minmay, xom_teletrap_fun
D:9:      elyvilon_altar_3, orc_0_dummy, uniq_prince_ribbit1
D:10:     due_lair_maze_entry_diamond, uniq_joseph
D:12:     grunt_livestock, uniq_azrael
D:13:     basic_altar, uniq_rupert, uniq_snorg
D:14:     lightli_vaults_fourway_checkpoint, serial_bayou_pond_e
D:15:     gammafunk_enter_depths_forms, serial_shops,
          nicolae_shop_window_shopping, corexii_leaking_fountain,
          hangedman_decor_growths
Temple:   nicolae_temple_god_jail
Lair:2:   nicolae_swamp_entry_splash_gauntlet
Lair:3:   kennysheep_rathole
Lair:4:   minmay_lair_oklob_tunnel, dummy_snake_entry, minivault_26,
          cheibrodos_lair_caveside_slide
Lair:5:   minmay_slime_entry_oklob_open, beast_lair_carwin_6
Lair:6:   evilmike_catoblepas_cave, kennysheep_snail_temple,
          infiniplex_staircase_pool, grunt_megastairs_2, serial_bayou_shore_b
Swamp:1:  evilmike_swamp_ruin_house_4, swamp_pool5, nicolae_swamp_dragon_and_kin
Swamp:2:  evilmike_swamp_ruin_house_2, swamp_pool2
Swamp:3:  evilmike_swamp_ruin_house_6, uniq_louise
Swamp:4:  grunt_swamp_rune_castle
Snake:1:  serial_shops, bzr_entry_customers, st_stairs_10, uniq_josephine
Snake:2:  minmay_snake_river, serial_bayou_shore_b, minmay_shop_star
Snake:3:  nicolae_snake_shapes
Orc:1:    enter_bailey_3, nicolae_orc_pool_cavern, library_closet
Orc:2:    st_orc_congregation, basic_altar, uniq_donald
Vaults:1: v_misc_12, nicolae_vaults_little_squares_5, uniq_asterion
Vaults:2: minmay_crypt_entry_nasty_monster, grunt_vaults_twisty,
          nicolae_vaults_lopsided_apartments, v_misc_22,
          nicolae_vaults_twisting_passages, v_rooms_4, hangedman_vaults_slice,
          nicolae_vaults_mini_display_case, vaults_dpeg_ring,
          nicolae_vaults_theta, uniq_frederick
Bazaar:   bazaar_minmay_row
Bailey:   bailey_polearm_5, bailey

Skill      XL: |  1  2  3  4  5  6  7  8  9 10 11 12 13 14 15 16 17 18 |
---------------+-------------------------------------------------------+-----
Stealth        | 3 4 5 6 7 8 |  8.0
Fighting       | 1 2 3 4 5 7 9 |  9.0
Short Blades   | 1 2 |  2.0
Charms         | 1 2 |  2.0
Necromancy     | 5 |  5.0
Slings         | 2 3 6 9 10 | 10.0
Shields        | 1 3 4 6 8 9 10 | 10.0
Maces & Flails | 1 4 7 8 |  8.0
Invocations    | 3 5 7 9 10 | 10.1
Evocations     | 3 5 6 8 10 | 10.0
Translocations | 1 2 3 4 |  4.0
Dodging        | 5 7 9 12 | 12.0
Summonings     | 3 6 |  6.1
Ice Magic      | 3 6 |  6.0
Spellcasting   | 4 5 |  5.0
Transmutations | 8 10 | 10.7
Earth Magic    | 8 10 | 10.7
Unarmed Combat | 8 10 | 10.1

Action                   |  1- 3 |  4- 6 |  7- 9 | 10-12 | 13-15 | 16-18 || total
-------------------------+-------+-------+-------+-------+-------+-------++-------
Melee: Unarmed           |    12 |       |       |       |       |   106 ||   118
       Constrict         |     6 |    23 |     9 |    14 |    40 |    35 ||   127
       Tentacles         |     3 |    11 |    21 |    16 |    83 |    87 ||   221
       Dagger            |    10 |    83 |       |       |       |       ||    93
       Trident           |       |     3 |       |       |       |       ||     3
       Rapier            |       |       |    18 |       |       |       ||    18
       Morningstar       |       |       |    53 |    54 |   259 |   171 ||   537
       Punch             |       |       |       |       |       |    14 ||    14
 Fire: Hunting sling     |       |    43 |   211 |   609 |  1315 |  1048 ||  3226
Throw: Stone             |     1 |     5 |       |       |       |     9 ||    15
 Cast: Pain              |    42 |    96 |    34 |       |       |       ||   172
       Animate Skeleton  |     2 |     5 |       |       |       |       ||     7
       Vampiric Draining |       |     9 |     5 |       |       |       ||    14
       Regeneration      |       |     3 |    10 |     4 |    45 |    34 ||    96
       Shroud of Golubri |       |       |       |     4 |     7 |     8 ||    19
       Summon Ice Beast  |       |       |       |     1 |    92 |    65 ||   158
       Blink             |       |       |       |       |     2 |       ||     2
       Ozocubu's Armour  |       |       |       |       |     1 |     5 ||     6
       Borgnjor's Vile C |       |       |       |       |       |    72 ||    72
       Statue Form       |       |       |       |       |       |    13 ||    13
Invok: Fungal Bloom      |       |     7 |    31 |    55 |   125 |    84 ||   302
       Evolution         |       |       |     8 |    16 |    44 |    20 ||    88
       Sunlight          |       |       |       |    11 |    24 |     4 ||    39
Evoke: Wand              |       |       |     2 |     9 |    66 |    24 ||   101
       Phantom mirror    |       |       |       |       |     1 |       ||     1
  Use: Potion            |     2 |       |     1 |       |     3 |     4 ||    10
       Scroll            |       |     6 |     3 |    13 |    17 |     9 ||    48
 Stab: Sleeping          |     1 |     6 |     1 |     3 |       |     3 ||    14
       Paralysed         |       |       |     6 |     4 |    15 |    10 ||    35
       Confused          |       |       |       |     1 |     5 |     7 ||    13
       Distracted        |       |       |       |       |     4 |       ||     4
  Eat: Chunk             |     4 |    10 |     9 |    12 |    37 |    23 ||    95
       Ration            |       |     1 |     2 |     2 |     8 |    16 ||    29
Armor: Skin              |     1 |     3 |     5 |     5 |    18 |    36 ||    68
Dodge: Dodged            |    18 |    56 |    52 |    48 |   285 |   337 ||   796
Block: Buckler           |       |       |    12 |       |       |   101 ||   113
       Shield            |       |       |       |    59 |   283 |    87 ||   429
       Reflection        |       |       |       |       |    18 |     4 ||    22

Table legend:
 A = Spawn XP
 B = Non-spawn XP
 C = Spawn XP percentage of total XP
 D = Spawn monster count
 E = Non-spawn monster count
 F = Spawn count percentage of total count
 G = Total turns spent on level
                    A         B        C        D         E        F      G
               +---------+---------+-------+---------+---------+-------+---------
         Total |       0 |  276636 |   0.0 |       0 |    1113 |   0.0 | 39828
               +---------+---------+-------+---------+---------+-------+---------
           D:1 |       0 |      30 |   0.0 |       0 |      16 |   0.0 |  1188
           D:2 |       0 |     100 |   0.0 |       0 |      18 |   0.0 |  1443
           D:3 |       0 |      74 |   0.0 |       0 |      30 |   0.0 |  1253
           D:4 |       0 |     158 |   0.0 |       0 |      12 |   0.0 |   961
           D:5 |       0 |     292 |   0.0 |       0 |      12 |   0.0 |   882
           D:6 |       0 |     564 |   0.0 |       0 |      15 |   0.0 |  1606
           D:7 |       0 |     737 |   0.0 |       0 |      15 |   0.0 |   646
           D:8 |       0 |     543 |   0.0 |       0 |      16 |   0.0 |   658
           D:9 |       0 |    1888 |   0.0 |       0 |      37 |   0.0 |  1176
          D:10 |       0 |    4067 |   0.0 |       0 |      26 |   0.0 |   999
          D:11 |       0 |    7039 |   0.0 |       0 |      50 |   0.0 |  1638
          D:12 |       0 |    7093 |   0.0 |       0 |      43 |   0.0 |   966
          D:13 |       0 |   11576 |   0.0 |       0 |      46 |   0.0 |  1082
          D:14 |       0 |   14038 |   0.0 |       0 |      43 |   0.0 |  1415
          D:15 |       0 |   17516 |   0.0 |       0 |      49 |   0.0 |  1924
        Lair:1 |       0 |    2807 |   0.0 |       0 |      13 |   0.0 |   896
        Lair:2 |       0 |    1527 |   0.0 |       0 |      11 |   0.0 |   828
        Lair:3 |       0 |    4928 |   0.0 |       0 |      31 |   0.0 |   943
        Lair:4 |       0 |    6149 |   0.0 |       0 |      24 |   0.0 |  1497
        Lair:5 |       0 |   10804 |   0.0 |       0 |      32 |   0.0 |  1632
        Lair:6 |       0 |   17693 |   0.0 |       0 |      52 |   0.0 |  3059
       Swamp:1 |       0 |    8805 |   0.0 |       0 |      26 |   0.0 |  1012
       Swamp:2 |       0 |   13078 |   0.0 |       0 |      40 |   0.0 |  1181
       Swamp:3 |       0 |    5100 |   0.0 |       0 |      23 |   0.0 |   849
       Swamp:4 |       0 |   30108 |   0.0 |       0 |      55 |   0.0 |  1351
       Snake:1 |       0 |   22118 |   0.0 |       0 |      45 |   0.0 |  1026
       Snake:2 |       0 |   12411 |   0.0 |       0 |      29 |   0.0 |  1365
       Snake:3 |       0 |    8816 |   0.0 |       0 |      17 |   0.0 |   606
         Orc:1 |       0 |    4606 |   0.0 |       0 |      42 |   0.0 |  1318
         Orc:2 |       0 |   14789 |   0.0 |       0 |     122 |   0.0 |  1833
      Vaults:1 |       0 |   19331 |   0.0 |       0 |      47 |   0.0 |  1441
      Vaults:2 |       0 |   25051 |   0.0 |       0 |      36 |   0.0 |   635
        Bailey |       0 |    2800 |   0.0 |       0 |      40 |   0.0 |   382
               +---------+---------+-------+---------+---------+-------+---------
